 Dungeon Crawl Stone Soup version 0.23.2-33-g5129a83184 (webtiles) character file.

Game seed: 18235671155330263122

24 DildoBatman the Magician (level 3, 0/36 HPs)
             Began as a Formicid Wizard on Aug 12, 2019.
             Was an Initiate of Gozag.
             Succumbed to an adder's poison
             ... on level 2 of the Dungeon.
             The game lasted 00:05:56 (1324 turns).

DildoBatman the Magician (Formicid Wizard)          Turns: 1324, Time: 00:05:57

Health: 0/36       AC: 21    Str: 11    XL:     3   Next: 15%
Magic:  3/7        EV:  2    Int: 18    God:    Gozag
Gold:   39         SH:  0    Dex:  9    Spells: 1/8 levels left

rFire    . . .     SeeInvis .   k - +0 club
rCold    . . .     Gourm    .   (no shield)
rNeg     + + +     Faith    .   (armour currently unavailable)
rPois    +         Spirit   .   (helmet unavailable)
rElec    .         Reflect  .   (cloak currently unavailable)
rCorr    .         Harm     .   (gloves currently unavailable)
MR       .....                  (boots currently unavailable)
Stlth    ++........             (no amulet)
HPRegen  0.12/turn              (no ring)
MPRegen  0.10/turn              (no ring)

@: lethally poisoned (0 -> -12), tree-form, very slightly contaminated
A: permanent stasis, dig shafts and tunnels, four strong arms
a: Potion Petition, Call Merchant, Bribe Branch, Renounce Religion


You were on level 2 of the Dungeon.
You worshipped Gozag.
Gozag was noncommittal.
You were not hungry.
You were a tree.
You visited 1 branch of the dungeon, and saw 2 of its levels.

You collected 63 gold pieces.
You paid 24 gold pieces to Gozag.

Inventory:

Hand Weapons
 b - a +0 hunting sling
 k - a +0 club (weapon)
Missiles
 g - 6 sling bullets
 i - 11 arrows
Armour
 a - a +0 robe (melded)
Scrolls
 c - a scroll of immolation {unknown}
 f - 5 scrolls of teleportation {unknown}
 h - 2 scrolls of remove curse {unknown}
 j - a scroll of noise {unknown}
Potions
 e - a potion of haste
Comestibles
 v - 4 rations


   Skills:
 - Level 1.7 Dodging
 - Level 2.4 Stealth
 - Level 3.2 Spellcasting
 * Level 2.5 Conjurations
   Level 1.0 Summonings
   Level 0.8 Translocations


You had one spell level left.
You knew the following spells:

 Your Spells              Type           Power        Failure   Level  Hunger
a - Conjure Flame         Conj/Fire      #.......     28%         3    ###....
c - Magic Dart            Conj           ##..         5%          1    None
e - Mephitic Cloud        Conj/Pois/Air  #.......     32%         3    ###....

Your spell library contained the following spells:

 Spells                   Type           Power        Failure   Level  Hunger
 Call Imp                 Summ           #.......     16%         2    ##.....
 Slow                     Hex            #.......     24%         2    ##.....
 Blink                    Tloc           Unusable     N/A         2    N/A

Dungeon Overview and Level Annotations

Branches:
Dungeon (2/15)

Altars:
Fedhas
Gozag
Okawaru
Xom
Zin

Annotations:
D:1 exclusion: downstairs


Innate Abilities, Weirdness & Mutations

You cannot be hasted, slowed, berserked, paralysed or teleported.
You can dig through walls and to a lower floor.
Your four strong arms can wield two-handed weapons with a shield.
((You have a pair of large antennae on your head. (SInv)))


Message History

Your stasis prevents you from being hasted.
The adder bites you.
It was a potion of lignification.
You turn into a tree.
Your +0 robe melds into your body.
Your roots penetrate the ground.
You feel sick. The adder bites you.
You are more poisoned.
The adder poisons you!
Casting: Magic Dart (safe; 5% risk of failure)
Confirm with . or Enter, or press ? or * to list all spells.
Aiming: Magic Dart (safe; 5% risk of failure)
Press: ? - help, Shift-Dir - straight line, f/p - adder
Aim: an adder (heavily wounded)
You miscast Magic Dart.
You are very lightly contaminated with residual magic.
Nothing appears to happen.
You die...
Your body crumbles into a pile of gold.

#8...8##.# ##.....##.# ####
#_....._#.## ######..#
##.....##..# .....#..#
#8...8##w.# .....#..#
##.....##..# .....#.##
#_....._#..#
.......##############.....##..#
.....#...<......♣.###8...8##..#
.....#.##########S.####>####..###
##..##.# #..{..####.####.....
#..#..# #.###......#...#####
#..#w## #.##..##.....######
#....# #w#..##w........$...
##.##.### #.#.# #......######.
.).##...### #.#.###......#
#####.#...####..).##......##


You could see an adder.

Vanquished Creatures
  A dart slug (D:2)
  3 leopard geckos
  3 goblins
  6 bats
  2 frilled lizards
  2 kobolds
  3 rats
20 creatures vanquished.

Notes
Turn   | Place    | Note
-------+----------+-------------------------------------------
     0 | D:1      | DildoBatman the Formicid Wizard began the quest for the
                  | Orb.
     0 | D:1      | Reached XP level 1. HP: 13/13 MP: 4/4
    15 | D:1      | Reached skill level 1 in Conjurations
   546 | D:1      | Reached XP level 2. HP: 19/19 MP: 4/6
   889 | D:2      | Found a faded altar of an unknown god.
   904 | D:2      | Became a worshipper of Fedhas Madash
   904 | D:2      | Reached * piety under Fedhas
   905 | D:2      | Fell from the grace of Fedhas
  1106 | D:2      | Reached XP level 3. HP: 18/24 MP: 4/7
  1111 | D:2      | Learned a level 3 spell: Conjure Flame
  1115 | D:2      | Learned a level 3 spell: Mephitic Cloud
  1145 | D:2      | Found an opulent altar of Gozag.
  1147 | D:2      | Found a glowing silver altar of Zin.
  1149 | D:2      | Found an iron altar of Okawaru.
  1149 | D:2      | Found a shimmering altar of Xom.
  1173 | D:2      | Became a worshipper of Gozag Ym Sagoz the Greedy
  1323 | D:2      | HP: 1/36 [adder (1)]
  1324 | D:2      | Succumbed to an adder's poison

Skill      XL: |  1  2 |
---------------+-------+-----
Conjurations   | 1 2 |  2.5
Dodging        | |  1.7
Stealth        | |  2.4
Spellcasting   | |  3.2
Summonings     | |  1.0
Translocations | |  0.8

Action                   || total
-------------------------++-------
Melee: Unarmed           ||    18
 Cast: Magic Dart        ||    48
Invok: Renounce Religion ||     1
 Abil: Dig               ||     2
  Use: Potion            ||     2
  Eat: Chunk             ||     1
Armor: Robe              ||    13
Dodge: Dodged            ||    27
